 Dungeon Crawl Stone Soup version 0.26-a0-708-g17f3b190f9 (webtiles) character file.

Game seed: 17009865089063503777

50 loquitran the Ducker (level 3, 0/27 HPs)
             Began as a Merfolk Transmuter on Oct 27, 2020.
             Succumbed to a worker ant's poison
             ... on level 2 of the Dungeon.
             The game lasted 00:07:01 (2213 turns).

loquitran the Ducker (Merfolk Transmuter)           Turns: 2213, Time: 00:07:02

Health: 0/27       AC:  6    Str: 10    XL:     3   Next: 79%
Magic:  6/6        EV: 11    Int: 13    God:
Gold:   81         SH:  0    Dex: 14    Spells: 5/6 levels left

rFire    . . .     SeeInvis .   o - +0 dagger (drain)
rCold    . . .     Faith    .   (no shield)
rNeg     . . .     Spirit   .   d - +0 ring mail
rPois    .         Reflect  .   c - +0 helmet
rElec    .         Harm     .   (no cloak)
rCorr    .         Rampage  .   (no gloves)
MR       .....                  (no boots)
Stlth    +.........             (no amulet)
HPRegen  0.09/turn              (no ring)
MPRegen  0.10/turn              (no ring)

@: brilliant, lethally poisoned (0 -> -2), stab, hasted, lightly drained, very
quick
A: change form in water, swift swim, stealthy swim
a: no special abilities


You were on level 2 of the Dungeon.
You visited 1 branch of the dungeon, and saw 2 of its levels.

You collected 81 gold pieces.

Inventory:

Hand Weapons
 b - a +0 club
 o - a +0 dagger of draining (weapon)
Missiles
 l - 4 boomerangs (quivered)
Armour
 a - a +0 robe
 c - a +0 helmet (worn)
 d - a +0 ring mail (worn)
 r - a +0 leather armour
Jewellery
 f - an uncursed ring of protection from magic {unknown}
 i - an uncursed ring of flight {unknown}
Scrolls
 g - a scroll of fog {unknown}
 h - a scroll of enchant weapon {unknown}
 m - a scroll of magic mapping {unknown}
 n - 3 scrolls of remove curse {unknown}
 s - a scroll of identify {unknown}
Potions
 q - a potion of heal wounds {unknown}
 t - a potion of flight {unknown}


   Skills:
 + Level 2.0(1.5) Fighting
 + Level 0.6(0.2) Maces & Flails
 + Level 0.4(0.0) Armour
 + Level 3.9(3.5) Dodging
 + Level 0.4(0.0) Stealth
 + Level 3.4(2.9) Unarmed Combat
 + Level 2.1(1.6) Spellcasting
 + Level 2.6(2.2) Transmutations


You had 5 spell levels left.
You knew the following spells:

 Your Spells              Type           Power        Failure   Level
a - Beastly Appendage     Tmut           ##....       28%         1

Your spell library contained the following spells:

 Spells                   Type           Power        Failure   Level
 Wereblood                Tmut           ##......     38%         2
 Spider Form              Tmut/Pois      #.........   78%         3
 Ice Form                 Ice/Tmut       #.......     99%         4
 Blade Hands              Tmut           ##........   100%        5


Dungeon Overview and Level Annotations

Branches:
Dungeon (2/15)

Altars:


Message History

* * * LOW HITPOINT WARNING * * *
* * * LOW HITPOINT WARNING * * *
You feel sick.
* * * LOW HITPOINT WARNING * * *
You feel sick.
* * * LOW HITPOINT WARNING * * *
You feel sick.
There is an open door here.
There is a fountain of clear blue water here.
There is an open door here.
* * * LOW HITPOINT WARNING * * *
You feel sick.
It was a potion of stabbing.
You feel ready to backstab.
* * * LOW HITPOINT WARNING * * *
You feel sick.
It was a potion of brilliance.
You feel clever all of a sudden.
It was a potion of magic.
Magic courses through your body.
You die...

...####.....#...............#....
......#.###.#...............#
....#.#.# #.#...............#
....#.#.# #.#.#.........#####
....#.#.# #.#.#.........#
....#.#.# #......B......#
#####.#.# ###.##........#
#...#.#####.##........#
#.###.........@.......#
#.#########.##........# #.....#
#.##........#
#####.#####.##........#
#.......##........#
###################


You could see a worker ant (drained).

Vanquished Creatures
  An adder (D:2)
  3 dart slugs (D:1)
  A leopard gecko (D:2)
  A ball python (D:2)
  A giant cockroach (D:1)
  5 goblins (D:1)
  7 hobgoblins
  2 kobolds
  7 bats (D:1)
  3 frilled lizards (D:1)
  2 rats (D:1)
33 creatures vanquished.

Vanquished Creatures (others)
  2 plants (D:1)
2 creatures vanquished.

Grand Total: 35 creatures vanquished

Notes
Turn   | Place    | Note
-------+----------+-------------------------------------------
     0 | D:1      | loquitran the Merfolk Transmuter began the quest for the
                  | Orb.
     0 | D:1      | Reached XP level 1. HP: 15/15 MP: 3/3
   135 | D:1      | Reached XP level 2. HP: 15/21 MP: 5/5
   614 | D:1      | Reached XP level 3. HP: 15/26 MP: 6/6
  2201 | D:2      | HP: 1/27 [poisoned by a worker ant]
  2207 | D:2      | HP: 1/27 [poisoned by a worker ant]
  2213 | D:2      | Succumbed to a worker ant's poison

Illustrated notes

Levels and vault maps discovered:
D:1:      denvon_arrival_planthouse, layout_basic, chequers_mini_garden,
          minmay_octomino_e4
D:2:      layout_basic, minmay_fountain_box

Skill      XL: |  1  2  3 |
---------------+----------+-----
Dodging        | 3 |  3.9
Fighting       | 2 |  2.0
Maces & Flails | |  0.6
Armour         | |  0.4
Stealth        | |  0.4
Unarmed Combat | |  3.4
Spellcasting   | |  2.1
Transmutations | |  2.6

Action                   || total
-------------------------++-------
Melee: Club              ||    59
       Dagger            ||    87
       Headbutt          ||     1
       Punch             ||     1
Throw: Boomerang         ||     1
 Cast: Beastly Appendage ||     2
  Use: Potion            ||     4
Armor: Robe              ||     1
       Ring mail         ||    48
Dodge: Dodged            ||   113

Table legend: (Time is in decaauts)
 A = Elapsed time spent in this place.
 B = Non-inter-level travel time spent in this place.
 C = Inter-level travel time spent in this place.
 D = Time resting spent in this place.
 E = Time spent auto-exploring this place.
 F = Levels seen in this place.
 G = Mean time per level.
                   A        B        C        D        E       F      G
               +--------+--------+--------+--------+--------+-----+--------+
         Total |   2220 |   2220 |      0 |    972 |    738 |   2 | 1110.0 |
       Dungeon |   2220 |   2220 |      0 |    972 |    738 |   2 | 1110.0 |
               +--------+--------+--------+--------+--------+-----+--------+

Top non-repeatable levels by time:
     D:1: 1378 daAuts
     D:2: 842 daAuts
